[Event "Titled Tuesday Blitz August 09 Early 2022"]
[White "Legenia, Artem"]
[Black "Floresvillar Gonzalez, Luis Migu"]
[WhiteFideId "14136945"]
[BlackFideId "5100542"]
[WhiteElo "1936"]
[BlackElo "2040"]
[Result "1-0"]
[Round "11"]
[TimeControl "180+1"]
[Date "2022.08.09"]
[WhiteClock "0:02:00"]
[BlackClock "0:01:11"]

1. e4 e6 2. d4 d5 3. exd5 exd5 4. c4 Nf6 5. Nc3 c6 6. Nf3 Bb4 7. Bd3 dxc4 8. Bxc4 O-O 9. O-O Re8 10. a3 Bd6 11. h3 Bf5 12. b4 Nbd7 13. Bb2 Nb6 14. Bb3 Nbd5 15. Nxd5 Nxd5 16. Ne5 f6 17. Nc4 Bc7 18. Ne3 Be6 19. Re1 Nxe3 20. Rxe3 Bxb3 21. Qxb3+ Kf8 22. Rae1 Rxe3 23. Rxe3 Qd5 24. Qd3 g6 25. Rf3 Kg7 26. Qe3 Rf8 27. Bc1 g5 28. h4 Bf4 29. Rxf4 gxf4 30. Qxf4 Rd8 31. Qh6+ Kg8 32. Be3 Rd7 33. Qxf6 Rg7 34. g3 Qf7 35. Qd8+ Qf8 36. Qxf8+ Kxf8 37. Bh6 Kf7 38. Bxg7 Kxg7 39. Kg2 h5 40. g4 hxg4 41. Kg3 Kg6 42. Kxg4 b6 43. f4 a5 44. f5+ Kf6 45. Kf4 axb4 46. axb4 1-0


[Site "https://www.chess.com"]

[Event "Titled Tuesday Blitz August 09 Early 2022"]
[White "Lehtosaari, Mauri"]
[Black "Fernandez Siles, Luis"]
[WhiteFideId "501999"]
[BlackFideId "2209420"]
[WhiteElo "2476"]
[BlackElo "2211"]
[Result "1/2-1/2"]
[Round "11"]
[TimeControl "180+1"]
[Date "2022.08.09"]
[WhiteClock "0:00:06"]
[BlackClock "0:00:09"]

1. d4 Nf6 2. Nf3 g6 3. Bg5 Bg7 4. Nbd2 d5 5. e3 O-O 6. Be2 b6 7. O-O c5 8. c3 Nc6 9. a4 h6 10. Bh4 Re8 11. Bb5 Bd7 12. Bg3 a6 13. Bd3 Bf5 14. Bxf5 gxf5 15. Ne5 Rc8 16. Qe2 c4 17. Rfb1 Ne4 18. Ndf3 Na5 19. Ne1 Nb3 20. Ra3 Nxg3 21. hxg3 Bxe5 22. dxe5 e6 23. Nf3 Qc7 24. Rd1 Ra8 25. Qc2 b5 26. axb5 axb5 27. Rxa8 Rxa8 28. Nd4 Nxd4 29. exd4 Ra2 30. Rb1 Qa5 31. Qc1 Kg7 32. Kh2 Qa4 33. Qf4 Qc2 34. Rf1 Qxb2 35. Qh4 Qxc3 36. Qf6+ Kf8 37. Qd8+ Kg7 38. Qf6+ Kg8 39. Qxh6 Qxd4 40. Qg5+ Kf8 41. Qd8+ Kg7 42. Qg5+ Kh7 43. Rh1 Ra1 44. Qh5+ Kg7 45. Qg5+ Kh7 46. Qh5+ Kg7 47. Qg5+ Kh7 1/2-1/2


[Site "https://www.chess.com"]

[Event "Titled Tuesday Blitz August 09 Early 2022"]
[White "Levitskiy, Andrey"]
[Black "Kilic, Eray"]
[WhiteFideId "14132885"]
[BlackFideId "44517173"]
[WhiteElo "2293"]
[BlackElo "1776"]
[Result "1-0"]
[Round "11"]
[TimeControl "180+1"]
[Date "2022.08.09"]
[WhiteClock "0:00:07"]
[BlackClock "0:00:05"]

1. e4 c5 2. Nf3 d6 3. d4 cxd4 4. Nxd4 Nf6 5. Nc3 a6 6. h3 e5 7. Nde2 h5 8. Bg5 Be6 9. Bxf6 Qxf6 10. Nd5 Qd8 11. Nec3 Nd7 12. a4 Nf6 13. Nxf6+ Qxf6 14. Be2 Qg6 15. Bf3 Be7 16. Nd5 Bd8 17. Qd3 O-O 18. c3 f5 19. O-O f4 20. Kh2 Bh4 21. Rad1 Rad8 22. a5 Kh8 23. Qe2 Qh6 24. Bxh5 Rd7 25. Rd3 Kh7 26. Bg4 f3 27. Rxf3 Bxg4 28. hxg4 Rdf7 29. Kg1 Rxf3 30. gxf3 Bg5 31. Kg2 Kg6 32. Rh1 Bh4 33. Ne3 Rh8 34. Nf5 Qg5 35. Qe3 Qf6 36. Qd3 Kg5 37. Qd2+ Kg6 38. Qxd6 Qxd6 39. Nxd6 Kf6 40. Nf5 g5 41. Rd1 Rc8 42. Rd6+ Kf7 43. Rb6 Rc4 44. Nd6+ 1-0


[Site "https://www.chess.com"]

[Event "Titled Tuesday Blitz August 09 Early 2022"]
[White "Madaminov, Mukhiddin"]
[Black "Mardov, Dimitar"]
[WhiteFideId "14210703"]
[BlackFideId "30919495"]
[WhiteElo "2011"]
[BlackElo "2185"]
[Result "1-0"]
[Round "11"]
[TimeControl "180+1"]
[Date "2022.08.09"]
[WhiteClock "0:00:04"]
[BlackClock "0:00:02"]

1. d4 Nf6 2. Nc3 d5 3. Bf4 Bf5 4. f3 e6 5. g4 Bg6 6. h4 h6 7. e3 Bd6 8. Nh3 a6 9. Bd3 Bxd3 10. Qxd3 c5 11. O-O-O Nc6 12. g5 Nh5 13. Bxd6 Qxd6 14. g6 f5 15. dxc5 Qxc5 16. Nf4 Nxf4 17. exf4 O-O 18. Rhe1 Rfe8 19. Ne2 Rac8 20. a3 b5 21. Kb1 b4 22. a4 Qa5 23. b3 Qc5 24. h5 a5 25. Rd2 Kf8 26. Nd4 Nxd4 27. Qxd4 Qxd4 28. Rxd4 Rc3 29. Rd3 Rxd3 30. cxd3 Rc8 31. Rxe6 Rc3 32. Re5 Rxd3 33. Rxf5+ Kg8 34. Kc2 Rc3+ 35. Kb2 Rd3 36. Re5 Kf8 37. f5 Rd2+ 38. Kc1 Rd3 39. Kc2 Rc3+ 40. Kb2 Rd3 41. f4 Rd2+ 42. Kc1 Rd3 43. Kc2 Rc3+ 44. Kb2 Rd3 45. f6 gxf6 46. Re6 Kg7 47. Re7+ Kg8 48. Rf7 Rh3 49. Rxf6 Rh2+ 50. Kc1 Rxh5 51. f5 Rg5 52. Kd2 h5 53. Ke3 h4 54. Kf4 Rg1 55. Rf7 d4 56. Rh7 d3 57. Ke3 Rg3+ 58. Kd2 Rf3 59. Rxh4 Rxf5 60. Rh3 Kg7 61. Rg3 Rc5 62. Rxd3 Kxg6 63. Ke3 Kf5 64. Kd4 Rc1 65. Kd5 Rc3 66. Kd4 Rc1 67. Re3 Kf6 68. Kd5 Rc3 69. Re6+ Kf5 70. Ra6 Rxb3 71. Rxa5 Rb1 72. Rb5 b3 73. a5 b2 74. Kc6+ Ke6 75. Kb6 Kd6 76. a6 Kd7 77. a7 Ra1 78. Rxb2 Kd6 79. Kb7 Rh1 80. a8=Q Rh7+ 81. Ka6 1-0


[Site "https://www.chess.com"]

[Event "Titled Tuesday Blitz August 09 Early 2022"]
[White "Makarian, Rudik"]
[Black "Szpar, Milosz"]
[WhiteFideId "44105681"]
[BlackFideId "1184989"]
[WhiteElo "2403"]
[BlackElo "2422"]
[Result "1-0"]
[Round "11"]
[TimeControl "180+1"]
[Date "2022.08.09"]
[WhiteClock "0:00:17"]
[BlackClock "0:00:34"]

1. d3 d5 2. f4 g6 3. Nf3 Bg7 4. g3 c6 5. Bg2 Nh6 6. O-O Qb6+ 7. d4 Nd7 8. c3 O-O 9. e3 Nf5 10. Kh1 Nd6 11. Ne5 Nxe5 12. fxe5 Ne4 13. Nd2 f5 14. exf6 Nxf6 15. e4 Bg4 16. Qb3 Kh8 17. e5 Nh5 18. Nf3 Qa6 19. Bg5 Rf7 20. Nd2 Raf8 21. Rxf7 Rxf7 22. Rf1 Kg8 23. Rxf7 Kxf7 24. c4 e6 25. Bf3 Bxf3+ 26. Qxf3+ Ke8 27. g4 Qxa2 28. gxh5 Qxb2 29. cxd5 cxd5 30. h6 Bh8 31. Qb3 Qc1+ 32. Kg2 Qc6 33. Qa3 Qc7 34. Qxa7 Kf7 35. Qa8 Bxe5 36. dxe5 Qxe5 37. Qxb7+ Ke8 38. Qc8+ Kf7 39. Qd7+ Kf8 40. Qg7+ Ke8 41. Qe7# 1-0


[Site "https://www.chess.com"]

[Event "Titled Tuesday Blitz August 09 Early 2022"]
[White "Maksimenko, Viktor"]
[Black "Begunov, Konstantin"]
[WhiteFideId "13710478"]
[BlackFideId "4118510"]
[WhiteElo "2269"]
[BlackElo "2262"]
[Result "1-0"]
[Round "11"]
[TimeControl "180+1"]
[Date "2022.08.09"]
[WhiteClock "0:00:12"]
[BlackClock "0:00:01"]

1. d4 d5 2. c4 c6 3. Nf3 Nf6 4. e3 a6 5. Be2 Bg4 6. O-O e6 7. b3 Nbd7 8. Bb2 Bd6 9. Nbd2 Qe7 10. Qc2 O-O 11. Bd3 Rac8 12. Ne5 Bh5 13. f4 c5 14. Rae1 cxd4 15. exd4 dxc4 16. bxc4 Ba3 17. Ba1 Rfd8 18. f5 Nxe5 19. dxe5 Ng4 20. Ne4 exf5 21. Nf6+ gxf6 22. exf6 Qd6 23. g3 Qxd3 24. Re8+ Rxe8 25. Qxd3 Bc5+ 26. Kh1 Ne3 27. Rf4 Rcd8 28. Bd4 Nc2 29. Qxc2 Bxd4 30. Qxf5 Bg6 31. Qg5 Be3 32. Qh6 Rd1+ 33. Kg2 Rd2+ 34. Kh3 1-0


[Site "https://www.chess.com"]

[Event "Titled Tuesday Blitz August 09 Early 2022"]
[White "Martin Alvarez, Inigo"]
[Black "D`Arruda, Ricardo D."]
[WhiteFideId "2259354"]
[BlackFideId "100692"]
[WhiteElo "2321"]
[BlackElo "2467"]
[Result "1-0"]
[Round "11"]
[TimeControl "180+1"]
[Date "2022.08.09"]
[WhiteClock "0:00:13"]
[BlackClock "0:00:14"]

1. e4 c5 2. Nf3 Nc6 3. d3 e6 4. g3 Nf6 5. Bg2 d5 6. Nbd2 Be7 7. O-O O-O 8. Re1 dxe4 9. dxe4 b6 10. c3 Bb7 11. Qc2 Qc7 12. Nc4 Rfd8 13. Bf4 Qd7 14. Nce5 Nxe5 15. Nxe5 Qe8 16. Nc4 Rd7 17. Rad1 Rad8 18. Rxd7 Qxd7 19. Ne5 Qe8 20. Bf1 h6 21. a4 a6 22. f3 Bd6 23. Nd3 Bxf4 24. Nxf4 Qd7 25. Qb3 Qc6 26. Bc4 Rd2 27. Rd1 Rxd1+ 28. Qxd1 Qc7 29. Kf2 Kf8 30. Bxe6 g5 31. Nd5 Qd8 32. Bf5 Nxd5 33. exd5 Qxd5 34. Qxd5 Bxd5 35. a5 bxa5 36. Bc8 Bc4 37. Ke3 Ke7 38. f4 f6 39. fxg5 fxg5 40. h4 Kf6 41. Ke4 gxh4 42. gxh4 Kg6 43. Bg4 Kf6 44. Bf3 Be6 45. Be2 Bc8 46. Kd5 Kf5 47. Kxc5 Kf4 48. Kb6 Ke3 49. Bxa6 Bf5 50. Kxa5 Kd2 51. c4 Kc2 52. b4 Kc3 53. c5 Kd4 54. c6 1-0


[Site "https://www.chess.com"]

[Event "Titled Tuesday Blitz August 09 Early 2022"]
[White "Martinez Alcantara, Jose Eduardo"]
[Black "Eynullayev, Altay"]
[WhiteFideId "3805662"]
[BlackFideId "13413562"]
[WhiteElo "2703"]
[BlackElo "2079"]
[Result "1-0"]
[Round "11"]
[TimeControl "180+1"]
[Date "2022.08.09"]
[WhiteClock "0:02:43"]
[BlackClock "0:00:31"]

1. e4 c5 2. Nf3 d6 3. c3 Nf6 4. h3 Nc6 5. Bd3 d5 6. e5 c4 7. Bc2 Nd7 8. e6 fxe6 9. b3 cxb3 10. Bxb3 g6 11. d4 Bg7 12. O-O O-O 13. Re1 Nb6 14. Qe2 Kh8 15. Bg5 Bd7 16. Nbd2 Rc8 17. Rac1 Na5 18. Ne5 Nxb3 19. axb3 Be8 20. Ndf3 Nd7 21. Ng4 Nf6 22. Bh6 Bxh6 23. Nxh6 Ne4 24. c4 Bc6 25. Ng4 Rf5 26. Nfe5 h5 27. Nh6 Rxf2 28. Nhf7+ Kh7 29. Qxf2 Nxf2 30. Nxd8 1-0


[Site "https://www.chess.com"]

[Event "Titled Tuesday Blitz August 09 Early 2022"]
[White "Martinez, Shawn"]
[Black "Omelja, Artem"]
[WhiteFideId "2039770"]
[BlackFideId "14119846"]
[WhiteElo "2174"]
[BlackElo "2382"]
[Result "1-0"]
[Round "11"]
[TimeControl "180+1"]
[Date "2022.08.09"]
[WhiteClock "0:00:07"]
[BlackClock "0:00:01"]

1. e4 c5 2. Nc3 e6 3. Nge2 Nc6 4. g3 Nf6 5. Bg2 Be7 6. O-O O-O 7. d4 cxd4 8. Nxd4 d6 9. b3 e5 10. Nde2 Be6 11. Bb2 Rc8 12. h3 Qa5 13. a3 Rfd8 14. Nd5 Bxd5 15. exd5 Nb8 16. c4 b5 17. b4 Qb6 18. cxb5 Qxb5 19. Nc3 Qb7 20. Qd3 Nbd7 21. Rac1 Nb6 22. Rfd1 Rd7 23. Ne4 Rdc7 24. Nxf6+ Bxf6 25. Rc6 e4 26. Qb3 Bxb2 27. Qxb2 Rxc6 28. dxc6 Qxc6 29. Qd4 d5 30. f3 f5 31. g4 exf3 32. Bxf3 fxg4 33. hxg4 Rd8 34. Re1 h6 35. Re7 Qg6 36. Rxa7 Kh8 37. Ra6 Rd6 38. a4 Rf6 39. Kg2 Qc2+ 40. Kg3 Nc4 41. Ra8+ Kh7 42. Qxd5 Nd2 43. Qg8+ Kg6 44. Qe8+ Kh7 45. Qh8+ Kg6 46. Qe8+ Kh7 47. Be2 1-0


[Site "https://www.chess.com"]

[Event "Titled Tuesday Blitz August 09 Early 2022"]
[White "McConnell, Griffin"]
[Black "Namitbir Singh Walia"]
[WhiteFideId "30942551"]
[BlackFideId "35071068"]
[WhiteElo "2330"]
[BlackElo "1664"]
[Result "1-0"]
[Round "11"]
[TimeControl "180+1"]
[Date "2022.08.09"]
[WhiteClock "0:00:19"]
[BlackClock "0:00:01"]

1. e4 c5 2. Nc3 Nc6 3. Bb5 Nd4 4. Bc4 g6 5. Nf3 Bg7 6. Nxd4 cxd4 7. Qf3 e6 8. Nb5 d6 9. Qa3 Be5 10. d3 d5 11. f4 Bb8 12. Bb3 Qb6 13. e5 Bd7 14. Nd6+ Bxd6 15. exd6 Nf6 16. Bd2 O-O 17. O-O a5 18. f5 a4 19. fxe6 fxe6 20. Bh6 axb3 21. Rxf6 Rfc8 22. Raf1 Qa6 23. Qxb3 Ba4 24. Qb4 Bxc2 25. d7 Rd8 26. Rf8+ 1-0


[Site "https://www.chess.com"]

[Event "Titled Tuesday Blitz August 09 Early 2022"]
[White "Melikyan, Gnel"]
[Black "Ginzburg, Yakov"]
[WhiteFideId "54109990"]
[BlackFideId "4157176"]
[WhiteElo "1772"]
[BlackElo "2265"]
[Result "1-0"]
[Round "11"]
[TimeControl "180+1"]
[Date "2022.08.09"]
[WhiteClock "0:01:17"]
[BlackClock "0:00:01"]

1. e4 c5 2. Nf3 e6 3. d4 cxd4 4. Nxd4 Nf6 5. Nc3 Nc6 6. Nxc6 bxc6 7. Bd3 d5 8. O-O Bc5 9. Qe2 O-O 10. Na4 Be7 11. c4 e5 12. cxd5 cxd5 13. exd5 Qxd5 14. Nc3 Qc6 15. Bg5 Bb7 16. f3 Rfe8 17. Bxf6 Bxf6 18. Be4 Qb6+ 19. Qf2 Ba6 20. Qxb6 axb6 21. Bxa8 Bxf1 22. Kxf1 Rxa8 23. Rd1 e4 24. fxe4 Bxc3 25. bxc3 Kf8 26. Rd2 Ra3 27. Rc2 Ke7 28. Ke2 Kd6 29. Kd3 Kc5 30. Rf2 f6 31. g4 Ra8 32. Rf5+ Kc6 33. Rf2 Ra4 34. h4 Ra5 35. Rf5 Rxa2 36. g5 fxg5 37. Rxg5 g6 38. h5 Ra5 39. e5 Rd5+ 40. Ke4 Rc5 41. hxg6 hxg6 42. Rxg6+ Kc7 43. Kd4 Ra5 44. c4 Ra1 45. Rg7+ Kc6 46. Rg6+ Kc7 47. Kc3 Rc1+ 48. Kb4 Re1 49. e6 Kd6 50. e7+ Kxe7 51. Rxb6 Kd7 52. Kc5 Kc7 53. Rc6+ Kb7 54. Rh6 Kc7 55. Rh7+ Kc8 56. Kd6 Rg1 57. Rh6 Rg8 58. Kc6 Kb8 59. Kb6 Rc8 60. c5 Rg8 61. c6 Kc8 62. Rh7 1-0


[Site "https://www.chess.com"]

[Event "Titled Tuesday Blitz August 09 Early 2022"]
[White "Miszler, Levente"]
[Black "Orlov, Georgi"]
[WhiteFideId "763276"]
[BlackFideId "2011271"]
[WhiteElo "1966"]
[BlackElo "2576"]
[Result "0-1"]
[Round "11"]
[TimeControl "180+1"]
[Date "2022.08.09"]
[WhiteClock "0:01:30"]
[BlackClock "0:00:48"]

1. Nf3 Nf6 2. c4 e6 3. g3 d5 4. Bg2 Be7 5. O-O O-O 6. b3 c5 7. Bb2 Nc6 8. e3 d4 9. exd4 cxd4 10. Re1 a5 11. a3 Bc5 12. d3 Re8 13. Ne5 Nxe5 14. Rxe5 Qc7 15. Re1 e5 16. Nd2 Bf5 17. Ne4 Nxe4 18. Bxe4 Bxe4 19. Rxe4 f5 20. Re1 Rad8 21. Qf3 Qf7 22. Rab1 e4 23. dxe4 fxe4 24. Qxf7+ Kxf7 25. Rbd1 e3 26. fxe3 dxe3 27. Rxd8 Rxd8 28. Bc3 Rd3 29. b4 Ba7 30. Be5 Rxa3 31. bxa5 Rxa5 32. Bf4 Ra3 33. Kg2 Rc3 34. Re2 Kg6 35. Kf3 Rxc4 36. Rb2 Bc5 37. Rxb7 Rc3 38. Rc7 h5 39. Bd6 e2+ 40. Kxe2 Re3+ 41. Kd2 Bxd6 42. Kxe3 Bxc7 43. Kf3 Kf5 44. h3 g6 0-1


[Site "https://www.chess.com"]

[Event "Titled Tuesday Blitz August 09 Early 2022"]
[White "Mouhamad, Joachim"]
[Black "Matveeva, Olga"]
[WhiteFideId "656410"]
[BlackFideId "24107018"]
[WhiteElo "2147"]
[BlackElo "2052"]
[Result "1-0"]
[Round "11"]
[TimeControl "180+1"]
[Date "2022.08.09"]
[WhiteClock "0:00:31"]
[BlackClock "0:00:19"]

1. e4 e6 2. d4 d5 3. e5 c5 4. c3 Nc6 5. Nf3 Qb6 6. a3 Nh6 7. b4 cxd4 8. cxd4 Nf5 9. Bb2 Bd7 10. g4 Nfe7 11. Nbd2 Ng6 12. Nb3 h5 13. g5 Be7 14. Bd3 Nf4 15. Bf1 Nxb4 16. axb4 Qxb4+ 17. Nfd2 Bxg5 18. Rg1 f6 19. Qf3 a5 20. Qc3 Qxc3 21. Bxc3 a4 22. Nc5 b6 23. Nb7 fxe5 24. Nd6+ Ke7 25. dxe5 Bh6 26. Bb4 Kd8 27. Nf7+ Kc7 28. Nxh8 Rxh8 29. Rc1+ Kb7 30. Bd6 Bc6 31. Rc2 b5 32. Rg3 Ra8 33. Rgc3 Ra6 34. Nf3 1-0


[Site "https://www.chess.com"]

[Event "Titled Tuesday Blitz August 09 Early 2022"]
[White "Navarrete Mendez, Gonzalo Alberto"]
[Black "Zaichenko, Daria"]
[WhiteFideId "5106850"]
[BlackFideId "4197453"]
[WhiteElo "2261"]
[BlackElo "2039"]
[Result "1-0"]
[Round "11"]
[TimeControl "180+1"]
[Date "2022.08.09"]
[WhiteClock "0:00:10"]
[BlackClock "0:00:07"]

1. e4 c5 2. Nf3 Nc6 3. Nc3 d6 4. d4 cxd4 5. Nxd4 e5 6. Nf5 g6 7. Ne3 Bg7 8. Nc4 Nd4 9. Be3 Be6 10. Nd5 Bxd5 11. exd5 Nf5 12. c3 a6 13. Bb6 Qd7 14. Bd3 Nge7 15. f3 O-O 16. Bf2 Qc7 17. Bb6 Qd7 18. Bf2 Qc7 19. g4 Nh6 20. h4 f5 21. g5 Nf7 22. Bb6 Qd7 23. Ne3 f4 24. Ng4 Nxd5 25. Bf2 Ne7 26. h5 Nxg5 27. hxg6 hxg6 28. Bh4 Nh7 29. Bxe7 Qxe7 30. Bxg6 Ng5 31. Qd5+ Qe6 32. Be4 Qxd5 33. Bxd5+ Nf7 34. O-O-O Rfd8 35. Rdg1 Kf8 36. Rh7 Ng5 37. Rh5 Nf7 38. Rh7 Ng5 39. Rh5 Nf7 40. Rf5 Rd7 41. Rh5 Rc8 42. Be6 Rdc7 43. Bxc8 Rxc8 44. Nf2 d5 45. Rh7 Bh6 46. Ng4 Bg5 47. Nxe5 Nxe5 48. Rxg5 Nxf3 49. Rf5+ Kg8 50. Rxb7 Ne1 51. Kd2 Re8 52. Rxf4 a5 53. Rf1 Ng2 54. Rg1 Kf8 55. Rxg2 Rd8 56. Rf2+ Kg8 57. Rff7 d4 58. Rg7+ Kf8 59. cxd4 Rxd4+ 60. Ke3 Rd6 61. Rbf7+ Ke8 62. Ra7 Kf8 63. Rgb7 Re6+ 64. Kd4 Re8 65. Rf7+ Kg8 66. Rg7+ Kh8 67. Rh7+ Kg8 68. Rag7+ Kf8 69. Rh8+ Kxg7 70. Rxe8 a4 71. Ra8 a3 72. Rxa3 1-0


[Site "https://www.chess.com"]

[Event "Titled Tuesday Blitz August 09 Early 2022"]
[White "Nemurov, Aleksandr"]
[Black "Thiel, Thomas"]
[WhiteFideId "4194187"]
[BlackFideId "4615964"]
[WhiteElo "2190"]
[BlackElo "2252"]
[Result "1-0"]
[Round "11"]
[TimeControl "180+1"]
[Date "2022.08.09"]
[WhiteClock "0:02:24"]
[BlackClock "0:01:12"]

1. b3 Nf6 2. Bb2 g6 3. Bxf6 exf6 4. c4 c6 5. g3 d5 6. cxd5 Qxd5 7. Nf3 Bd6 8. Nc3 Qh5 9. Bg2 Bh3 10. O-O O-O 11. d4 Nd7 12. Qc2 f5 13. e3 Nf6 14. Rfd1 Rae8 15. d5 c5 16. Nb5 Be5 17. Rac1 b6 18. Nxa7 Bg4 19. Nxe5 Rxe5 20. d6 Bxd1 21. Rxd1 Ne4 22. d7 1-0


[Site "https://www.chess.com"]

[Event "Titled Tuesday Blitz August 09 Early 2022"]
[White "Niyazgulova, Marina"]
[Black "Nasir, Zehn"]
[WhiteFideId "24142573"]
[BlackFideId "2613239"]
[WhiteElo "1986"]
[BlackElo "1993"]
[Result "0-1"]
[Round "11"]
[TimeControl "180+1"]
[Date "2022.08.09"]
[WhiteClock "0:00:12"]
[BlackClock "0:00:13"]

1. d4 Nf6 2. c4 e5 3. dxe5 Ng4 4. Nf3 Bc5 5. e3 Nc6 6. Nc3 Ngxe5 7. Be2 O-O 8. O-O Re8 9. b3 Nxf3+ 10. Bxf3 Ne5 11. Be2 a5 12. Bb2 Ra6 13. Ne4 Bf8 14. Ng3 Rh6 15. Nf5 Rg6 16. f4 Nc6 17. Bh5 d6 18. Bxg6 hxg6 19. Nd4 Rxe3 20. Nxc6 bxc6 21. Qd2 Re8 22. Rae1 c5 23. Qxa5 Be6 24. h3 Qd7 25. Re2 Rb8 26. Rfe1 Qc8 27. Qc3 Ra8 28. Ba1 Qd7 29. Qf3 Rb8 30. g4 Rd8 31. Rf1 f6 32. Rfe1 Bf7 33. Kg2 Qc8 34. Qc6 Qb8 35. Rd2 Qc8 36. Ree2 Be8 37. Qf3 Bf7 38. Kh2 Qd7 39. Bc3 Rb8 40. f5 g5 41. Re3 Qd8 42. Qg3 Ra8 43. h4 gxh4 44. Qxh4 c6 45. Rh3 Be8 46. Qh8+ Kf7 47. Qh5+ Ke7 48. Re2+ Kd7 49. Qh4 Bf7 50. Qg3 Kc7 51. Rh8 Qd7 52. Qf3 Re8 53. Rxe8 Qxe8 54. Kg2 Qe7 55. Qf2 d5 56. Qe1 Qxe1 57. Bxe1 Bd6 58. Rh7 Bf8 59. cxd5 cxd5 60. Bf2 Kd7 61. Rh8 Ke8 62. Kf3 d4 63. Bg3 Bd5+ 64. Ke2 Kf7 65. Kd3 Bf3 66. Rh4 Bg2 67. Bf4 Bf1+ 68. Kd2 Bb5 69. a4 Bc6 70. a5 Bb5 71. Rh1 Be7 72. Ra1 Ba6 73. Bc7 Ke8 74. Bb6 Kd7 75. Rc1 Kc6 76. Ba7 Bd6 77. Bb6 Bf4+ 78. Kd1 Bxc1 79. Kxc1 Kb5 80. Kd2 Kc6 81. Kc2 Be2 82. Bd8 Bxg4 83. Be7 Bxf5+ 84. Kd2 Bc8 85. Bf8 g6 86. Bg7 f5 87. Bh6 Ba6 88. Kc2 Kd5 89. Kd2 Ke4 90. Ke1 f4 91. Bf8 c4 92. bxc4 Bxc4 93. Bb4 g5 94. Kf2 g4 95. Bd2 g3+ 96. Kg2 Ba6 97. Bc1 Kf5 98. Kf3 Bb7+ 99. Ke2 f3+ 100. Kf1 Kg4 101. Kg1 f2+ 102. Kf1 Ba6+ 103. Kg2 f1=Q# 0-1


[Site "https://www.chess.com"]

[Event "Titled Tuesday Blitz August 09 Early 2022"]
[White "Omariev, Maksim"]
[Black "Kuznetsova, Olga"]
[WhiteFideId "4193423"]
[BlackFideId "4191323"]
[WhiteElo "2508"]
[BlackElo "2134"]
[Result "0-1"]
[Round "11"]
[TimeControl "180+1"]
[Date "2022.08.09"]
[WhiteClock "0:00:01"]
[BlackClock "0:00:13"]

1. g4 d5 2. Bg2 c6 3. c4 dxc4 4. h3 Nf6 5. Na3 Nbd7 6. Nxc4 Nb6 7. Ne5 Nfd7 8. Ngf3 Nxe5 9. Nxe5 f6 10. Nf3 e5 11. d4 Bb4+ 12. Bd2 Bxd2+ 13. Qxd2 exd4 14. Nxd4 O-O 15. O-O-O Qe7 16. Kb1 Rd8 17. Qc2 Be6 18. f4 Nd5 19. Qc1 Bf7 20. e4 Nb4 21. a3 Na6 22. Rhe1 Qc5 23. Qe3 Re8 24. Rc1 Qb6 25. Qc3 Rad8 26. Red1 Nc7 27. h4 Nb5 28. Nxb5 Qxb5 29. g5 Qe2 30. Bf3 Qh2 31. gxf6 Qxf4 32. fxg7 Qxh4 33. Rh1 Qg5 34. Rcg1 Qe5 35. Qe3 Bg6 36. Rh4 Rd7 37. Rxg6 hxg6 38. Rh8+ Kxg7 39. Qh6+ Kf6 40. Qh4+ Kf7 41. Qh7+ Kf6 42. Qh4+ Kf7 43. Rh7+ Ke6 0-1


[Site "https://www.chess.com"]

[Event "Titled Tuesday Blitz August 09 Early 2022"]
[White "Ovezdurdyyeva, Jemal"]
[Black "Jorquera, Marcelo"]
[WhiteFideId "14001888"]
[BlackFideId "3401197"]
[WhiteElo "1946"]
[BlackElo "2136"]
[Result "0-1"]
[Round "11"]
[TimeControl "180+1"]
[Date "2022.08.09"]
[WhiteClock "0:00:15"]
[BlackClock "0:00:14"]

1. e4 d5 2. exd5 Qxd5 3. Nc3 Qa5 4. d4 Nf6 5. Nf3 Bf5 6. Ne5 c6 7. g4 Be6 8. f4 g6 9. Bd2 Qb6 10. Bc1 Bg7 11. h3 O-O 12. Na4 Qa5+ 13. c3 Nfd7 14. Nf3 Rd8 15. Qc2 Bd5 16. Bg2 b5 17. Nc5 Nxc5 18. dxc5 Nd7 19. b4 Qc7 20. O-O a5 21. Bb2 Qxf4 22. Rf2 Qg3 23. a3 Ne5 24. Nh2 Nc4 25. Nf1 Qc7 26. Bxd5 Rxd5 27. Re1 axb4 28. axb4 Ra2 29. Qb1 Ra8 30. Ne3 Nxe3 31. Rxe3 Rad8 32. Qe4 Rd2 33. Ree2 Rxe2 34. Rxe2 e6 35. Qf3 Rd1+ 36. Kg2 Qd7 37. Rf2 Qd5 38. Qxd5 exd5 39. Rc2 Rd3 40. Rc1 Rd2+ 41. Kg3 Rxb2 0-1


[Site "https://www.chess.com"]

[Event "Titled Tuesday Blitz August 09 Early 2022"]
[White "Palencia Morales, Wilson Guillermo"]
[Black "Simonovic, Miroslav"]
[WhiteFideId "4401859"]
[BlackFideId "919152"]
[WhiteElo "2098"]
[BlackElo "2043"]
[Result "1-0"]
[Round "11"]
[TimeControl "180+1"]
[Date "2022.08.09"]
[WhiteClock "0:01:29"]
[BlackClock "0:00:15"]

1. d4 Nf6 2. c4 c5 3. d5 b5 4. cxb5 a6 5. bxa6 Bxa6 6. Nc3 d6 7. e4 Bxf1 8. Kxf1 Nbd7 9. g3 g6 10. Kg2 Bg7 11. Nf3 O-O 12. a4 Qa5 13. Ra3 Rfb8 14. Nd2 Qb4 15. Qc2 Ne5 16. h3 c4 17. Nb5 Nd3 18. Nxc4 Nxc1 19. Rxc1 Nxe4 20. Qxe4 Rxa4 21. Rxa4 Qxa4 22. Nd4 Rb4 23. Nc6 Rxb2 24. Nxd6 Qa2 25. Nxe7+ Kf8 26. Rc8# 1-0


[Site "https://www.chess.com"]

[Event "Titled Tuesday Blitz August 09 Early 2022"]
[White "Pranav Anand"]
[Black "Weetik, Vjacheslav"]
[WhiteFideId "46626786"]
[BlackFideId "4153472"]
[WhiteElo "2300"]
[BlackElo "2469"]
[Result "0-1"]
[Round "11"]
[TimeControl "180+1"]
[Date "2022.08.09"]
[WhiteClock "0:00:13"]
[BlackClock "0:00:07"]

1. Nf3 Nf6 2. g3 d5 3. Bg2 Bf5 4. O-O e6 5. d3 c6 6. Nh4 Bg4 7. h3 Bh5 8. g4 Nfd7 9. Nf3 Bg6 10. Bf4 h5 11. Nbd2 hxg4 12. hxg4 Nf6 13. Ne5 Bd6 14. e3 Qc7 15. d4 Nbd7 16. Nxg6 fxg6 17. Bxd6 Qxd6 18. f4 g5 19. Qf3 O-O-O 20. Bh3 Rh4 21. Kg2 Rdh8 22. Rh1 Qb4 23. Rad1 Qxb2 24. fxg5 Nh7 25. Qf4 Qxc2 26. Kg3 Nxg5 27. Qxg5 Rxh3+ 28. Rxh3 Rxh3+ 29. Kxh3 Qxd1 30. e4 dxe4 31. Qf4 Nf6 32. Nf1 Qxd4 33. Ne3 Nd5 34. Qf8+ Kc7 35. Qf7+ Kb6 36. Ng2 e3 37. Qf3 g5 38. Kh2 Nf4 39. Nxe3 Qd2+ 40. Kg3 Qe1+ 41. Kh2 Qe2+ 42. Qxe2 Nxe2 43. Nc4+ Kc5 44. Ne5 Nd4 45. Nf7 Kd5 46. Nxg5 b5 47. Kg3 a5 48. Nf7 b4 49. g5 a4 50. Kf4 b3 51. axb3 axb3 52. g6 Nf5 53. Ng5 b2 54. Ne4 Kd4 55. Nd2 c5 56. Kg5 c4 57. Kf6 c3 58. Nb3+ Ke3 59. Kxe6 b1=Q 60. Nc5 Nd4+ 61. Kf6 Qf5+ 62. Kg7 Qxc5 63. Kh6 c2 64. g7 Nf5+ 65. Kh7 Nxg7 66. Kh8 Nf5 67. Kg8 Qe7 68. Kh8 Qg7# 0-1


[Site "https://www.chess.com"]

[Event "Titled Tuesday Blitz August 09 Early 2022"]
[White "Pulpan, Jakub"]
[Black "Livaic, Leon"]
[WhiteFideId "302759"]
[BlackFideId "14531534"]
[WhiteElo "2451"]
[BlackElo "2540"]
[Result "1/2-1/2"]
[Round "11"]
[TimeControl "180+1"]
[Date "2022.08.09"]
[WhiteClock "0:00:13"]
[BlackClock "0:00:07"]

1. Nf3 Nf6 2. b3 g6 3. Bb2 Bg7 4. g3 O-O 5. Bg2 b6 6. c4 Bb7 7. Nc3 c5 8. O-O d5 9. Nxd5 Nxd5 10. Bxg7 Kxg7 11. cxd5 Qxd5 12. d4 Na6 13. e4 Qd7 14. d5 e6 15. Ne5 Qd8 16. d6 f6 17. Nc4 b5 18. Ne3 Qb6 19. a4 Rad8 20. axb5 Qxb5 21. Nc4 Rd7 22. e5 Bxg2 23. exf6+ Rxf6 24. Kxg2 Nb8 25. Ra5 Qc6+ 26. Kg1 Qd5 27. Re1 Nc6 28. Qxd5 exd5 29. Rxc5 dxc4 30. Rxc6 cxb3 31. Rb1 Rb7 32. Rc3 Rxd6 33. Rcxb3 Rdb6 34. Rxb6 axb6 35. f4 b5 36. Kf2 b4 37. Ke3 Kf6 38. g4 b3 39. h3 b2 40. Kd3 Ke6 41. Kc3 Kd5 42. Rxb2 Ra7 43. Rb5+ Ke4 44. Rb4+ Kf3 45. f5 gxf5 46. gxf5 Rd7 47. Rd4 Rf7 48. Rh4 Kg3 49. Rh5 Kf3 50. Kd4 Kf4 51. Kd3 Rxf5 52. Rh4+ Kg5 53. Rxh7 Rf3+ 54. Ke4 Rf8 55. Rg7+ Kh4 56. Rh7+ Kg5 57. Ke5 Re8+ 58. Kd4 Kg6 59. Rh4 Kg5 60. Rh7 Kg6 61. Rh4 Kg5 62. Rg4+ Kh5 63. Kd3 Re1 64. Rg3 Kh4 65. Rf3 Rh1 66. Ke4 Rxh3 67. Rf8 Kg3 68. Rg8+ Kf2 69. Rf8+ Ke2 70. Rf7 Re3+ 71. Kd5 Kd3 72. Rf4 Re1 73. Rd4+ Kc2 74. Rc4+ Kd3 75. Rd4+ Kc2 76. Rc4+ Kd3 77. Rd4+ 1/2-1/2


[Site "https://www.chess.com"]